Match 42830418
Unlisted

Match 42830418
End
Construct Weapon Support Center
Scout Squad
M1919 Machine Gun Team
M1919 Machine Gun Team
Bazooka Squad
Construct Medical Station
Bazooka Squad
Selects Special Operations Battlegroup
Selects Raiding Flares
Infantry Support Center
M1919 Machine Gun Team
Construct Motor Pool
Selects SSF Commando Squad
SSF Commando Squad
M8 Greyhound Armored Car
Engineer Squad
Selects M29 Weasel Recon Vehicle
SSF Commando Squad
Construct Tank Depot
Selects P-47 Anti-Infantry Loiter
Selects UNKNOWN (2162291)
Raiding Flares
P-47 Anti-Infantry Loiter
M1 Anti-tank Gun Team
Selects Air Re-supply Operation
Air Re-Supply Operation
M4A1 Sherman Whizbang
Plaka
Begbie
Bananenratte
Nico-Nico-Nii~~
0
0

Comments sign in to comment!

No comments posted yet!